[Event "Titled Tuesday Blitz July 11 Early 2023"]
[White "Seletsky, Grigory"]
[Black "Sava, Christiansen-Danut-Eugen"]
[WhiteFideId "14112191"]
[BlackFideId "1210114"]
[WhiteElo "2368"]
[BlackElo "1983"]
[Result "1-0"]
[Round "5"]
[TimeControl "180+2"]
[Date "2023.07.11"]
[WhiteClock "0:01:22"]
[BlackClock "0:01:16"]
[Board "184"]

1. e4 e6 2. d4 d5 3. Nd2 c5 4. exd5 exd5 5. Ngf3 Nc6 6. Bb5 Nf6 7. Qe2+ Qe7 8. dxc5 Qxe2+ 9. Kxe2 Bxc5 10. Nb3 Bb6 11. Be3 Bf5 12. Bxb6 axb6 13. Nbd4 Bd7 14. c3 O-O-O 15. Rhe1 Nxd4+ 16. Nxd4 Bxb5+ 17. Nxb5 Rhe8+ 18. Kf1 Ne4 19. Rad1 h5 20. f3 Nf6 21. Rxe8 Nxe8 22. Re1 Nc7 23. Nxc7 Kxc7 24. Re7+ Rd7 25. Rxd7+ Kxd7 26. Ke2 Kd6 27. Kd3 Ke5 28. g3 g5 29. Ke3 h4 30. f4+ gxf4+ 31. gxf4+ Kf5 32. Kf3 b5 33. h3 Ke6 34. Kg4 b4 35. Kxh4 bxc3 36. bxc3 b5 37. Kg5 b4 38. cxb4 d4 39. Kg4 Kd5 40. Kf3 Kc4 41. Ke2 Kc3 42. Kd1 Kd3 43. b5 Kc4 44. b6 1-0


[Site "https://www.chess.com"]

[Event "Titled Tuesday Blitz July 11 Early 2023"]
[White "Skiadopoulos, Nikolaos"]
[Black "Nithyalakshmi, Sivanesan"]
[WhiteFideId "4200772"]
[BlackFideId "5706955"]
[WhiteElo "1927"]
[BlackElo "2357"]
[Result "0-1"]
[Round "5"]
[TimeControl "180+2"]
[Date "2023.07.11"]
[WhiteClock "0:00:00"]
[BlackClock "0:00:16"]
[Board "185"]

1. e4 e6 2. d4 d5 3. e5 Bd7 4. Nf3 a6 5. Bd3 Bb5 6. O-O Ne7 7. Nc3 Bxd3 8. Qxd3 Nf5 9. Ne2 Be7 10. a3 c5 11. c3 Nc6 12. dxc5 Bxc5 13. b4 Be7 14. b5 axb5 15. Qxb5 Qc7 16. Rb1 Ra7 17. g4 Nh4 18. Nxh4 Bxh4 19. f4 O-O 20. g5 h6 21. Qd3 hxg5 22. Qh3 Ra4 23. Kh1 Nxe5 24. fxe5 Qxe5 25. Nd4 Qe4+ 26. Qg2 Qxb1 27. Bxg5 Qxf1+ 28. Qxf1 Bxg5 29. Qb5 Rfa8 30. Qd7 Rxa3 31. Nxe6 fxe6 32. Qxe6+ Kh7 33. Qf5+ Kh6 34. Qh3+ Kg6 35. Qe6+ Bf6 36. Qg4+ Kf7 37. Qd7+ Kf8 38. Qd6+ Be7 39. Qxd5 Ra1+ 40. Kg2 R8a2+ 41. Kh3 Ra3 42. Qf5+ Kg8 43. Qe6+ Kf8 44. Qf5+ Bf6 45. Qc8+ Kf7 46. Qxb7+ Kg8 47. Qc8+ Kh7 48. Qf5+ Kh6 49. Qf4+ Kg6 50. Qg4+ Bg5 51. Qe6+ Bf6 52. Qg4+ Kf7 53. Qd7+ Be7 54. Qf5+ Ke8 55. Qc8+ Bd8 56. Qe6+ Be7 57. Qc8+ Kf7 58. Qf5+ Kg8 59. Qc8+ Kh7 60. Qf5+ Kh6 0-1


[Site "https://www.chess.com"]

[Event "Titled Tuesday Blitz July 11 Early 2023"]
[White "Buscar, Michael"]
[Black "Navyblue1"]
[WhiteFideId "2603616"]
[WhiteElo "2356"]
[BlackElo "1754"]
[Result "1/2-1/2"]
[Round "5"]
[TimeControl "180+2"]
[Date "2023.07.11"]
[WhiteClock "0:00:07"]
[BlackClock "0:00:07"]
[Board "186"]

1. Nf3 c5 2. b4 cxb4 3. a3 bxa3 4. Bxa3 d6 5. g3 Nc6 6. Bg2 e6 7. c4 Be7 8. Nc3 Nf6 9. d4 O-O 10. O-O Bd7 11. d5 Na5 12. Qd3 e5 13. Nd2 b6 14. Nde4 Nxe4 15. Nxe4 Nb7 16. Ra2 Qc7 17. Rfa1 Nc5 18. Bxc5 bxc5 19. Nc3 a5 20. e4 Rfb8 21. Bf1 Rb4 22. Nb5 Bxb5 23. cxb5 Qb6 24. Qc2 Bd8 25. Bc4 Rb8 26. h4 Qb7 27. Kg2 Qd7 28. Ra4 Qc8 29. f3 g6 30. g4 Bxh4 31. Rh1 Bd8 32. Rxb4 cxb4 33. Qd3 Bf6 34. Rc1 Qb7 35. Qe3 Rc8 36. Qh6 Bg7 37. Qe3 h6 38. Rc2 g5 39. Qb3 Rc5 40. Bd3 Qb6 41. Kf1 Bf8 42. Bc4 Be7 43. Ra2 Bd8 44. Ke2 Kg7 45. Kd3 Qc7 46. Rc2 Qb6 47. Re2 Qa7 48. Kd2 Qb6 49. Re3 Qc7 50. Kd3 Qb6 51. Re2 Qc7 52. Rc2 Qb6 53. Ke2 Be7 54. Qe3 Bd8 55. Qd3 Be7 56. Qb3 Bd8 57. Kd3 Qc7 58. Ke2 Qb6 59. Kd3 Qc7 60. Ke2 Qb6 1/2-1/2


[Site "https://www.chess.com"]

[Event "Titled Tuesday Blitz July 11 Early 2023"]
[White "Ionescu, Mihai"]
[Black "Castillo Pena, Patricia Evarista"]
[WhiteFideId "1202499"]
[BlackFideId "6412106"]
[WhiteElo "2555"]
[BlackElo "1833"]
[Result "1-0"]
[Round "5"]
[TimeControl "180+2"]
[Date "2023.07.11"]
[WhiteClock "0:00:12"]
[BlackClock "0:00:08"]
[Board "187"]

1. Nf3 d5 2. g3 Nf6 3. Bg2 c6 4. O-O e6 5. d4 Nbd7 6. c4 Be7 7. Qc2 O-O 8. Rd1 b6 9. Bf4 Bb7 10. Nc3 a6 11. Nd2 Rc8 12. e4 dxe4 13. Ndxe4 Ba8 14. Rd2 Nxe4 15. Nxe4 Nf6 16. Rad1 Bb4 17. Rd3 Nxe4 18. Bxe4 g6 19. a3 Bd6 20. Qd2 Qc7 21. Bh6 Rfd8 22. Bg5 Be7 23. h4 Bxg5 24. Qxg5 Kg7 25. h5 h6 26. Qd2 g5 27. Qc3 Kg8 28. R3d2 Qe7 29. Bb1 Qf6 30. Qc2 Qg7 31. b4 c5 32. d5 exd5 33. cxd5 cxb4 34. Qb3 bxa3 35. Qxb6 Rb8 36. Qxa6 Rxb1 37. Rxb1 Bxd5 38. Qxa3 Be4 39. Rxd8+ 1-0


[Site "https://www.chess.com"]

[Event "Titled Tuesday Blitz July 11 Early 2023"]
[White "Makhmudov, Shukhrat"]
[Black "Horokoskii"]
[WhiteFideId "14200775"]
[WhiteElo "2356"]
[BlackElo "2125"]
[Result "0-1"]
[Round "5"]
[TimeControl "180+2"]
[Date "2023.07.11"]
[WhiteClock "0:02:03"]
[BlackClock "0:01:16"]
[Board "188"]

1. e4 e6 2. d4 d5 3. exd5 exd5 4. Bd3 Bd6 5. Ne2 Ne7 6. O-O Nbc6 7. c3 Bg4 8. f3 Bf5 9. Bf4 O-O 10. Qc2 Bxd3 11. Qxd3 Bxf4 12. Nxf4 Qd6 13. Nh3 h6 14. Nd2 Rfe8 15. Nf2 Ng6 16. Ng4 Nf4 17. Qb5 a6 18. Qb3 Re2 19. Rf2 Na5 20. Qd1 Rae8 21. Ne5 Rxf2 22. Kxf2 f6 23. Qa4 b5 24. Qxa5 fxe5 25. g3 Nd3+ 26. Kg2 exd4 27. Kf1 Qe6 0-1


[Site "https://www.chess.com"]

[Event "Titled Tuesday Blitz July 11 Early 2023"]
[White "Sarkar, Justin"]
[Black "Hartikainen, Jarmo"]
[WhiteFideId "2010011"]
[BlackFideId "503134"]
[WhiteElo "2243"]
[BlackElo "2157"]
[Result "1-0"]
[Round "5"]
[TimeControl "180+2"]
[Date "2023.07.11"]
[WhiteClock "0:00:02"]
[BlackClock "0:00:00"]
[Board "189"]

1. e4 c5 2. Nf3 Nc6 3. d4 cxd4 4. Nxd4 Nf6 5. Nc3 d6 6. Be3 e5 7. Nb3 Be6 8. Be2 Be7 9. O-O O-O 10. f4 exf4 11. Rxf4 Ne5 12. Nd4 Rc8 13. a4 Nc4 14. Bxc4 Rxc4 15. Qd3 Rb4 16. b3 Nd7 17. Nf5 Ne5 18. Nxe7+ Qxe7 19. Qd2 Ng6 20. Rf2 Rc8 21. Nd5 Bxd5 22. Qxb4 Bxe4 23. Bxa7 Bc6 24. Bd4 Qe4 25. Re1 Qg4 26. Qd2 Nh4 27. h3 Nf3+ 28. Rxf3 1-0


[Site "https://www.chess.com"]

[Event "Titled Tuesday Blitz July 11 Early 2023"]
[White "Hrescak, Ivana"]
[Black "Palacio,Igor Da Paz"]
[WhiteFideId "14613441"]
[BlackFideId "2121140"]
[WhiteElo "2116"]
[BlackElo "2218"]
[Result "1-0"]
[Round "5"]
[TimeControl "180+2"]
[Date "2023.07.11"]
[WhiteClock "0:00:50"]
[BlackClock "0:00:00"]
[Board "190"]

1. e4 d6 2. d4 Nf6 3. Nc3 g6 4. Be3 c6 5. f3 b5 6. Qd2 Nbd7 7. h4 h5 8. O-O-O Qc7 9. Kb1 a6 10. Nh3 Nb6 11. Ng5 b4 12. Ne2 Nc4 13. Qc1 Nxe3 14. Qxe3 Bh6 15. Nf4 Nh7 16. e5 Nxg5 17. hxg5 Bxg5 18. g3 dxe5 19. dxe5 Bxf4 20. Qxf4 Be6 21. g4 a5 22. gxh5 Rxh5 23. Rxh5 gxh5 24. Qg5 Bd5 25. Qg8+ Kd7 26. Qxa8 1-0


[Site "https://www.chess.com"]

[Event "Titled Tuesday Blitz July 11 Early 2023"]
[White "Jaivardhan Raj"]
[Black "Sariego Figueredo, Wilfredo"]
[WhiteFideId "25744437"]
[BlackFideId "3500080"]
[WhiteElo "2076"]
[BlackElo "2204"]
[Result "0-1"]
[Round "5"]
[TimeControl "180+2"]
[Date "2023.07.11"]
[WhiteClock "0:00:32"]
[BlackClock "0:01:04"]
[Board "191"]

1. g3 d5 2. Bg2 Nf6 3. b3 e5 4. Bb2 Nc6 5. d3 Bd6 6. Nd2 O-O 7. e3 Re8 8. Ne2 a6 9. O-O Bd7 10. h4 h5 11. Nc3 Be6 12. Nf3 e4 13. dxe4 dxe4 14. Ng5 Bf5 15. Nd5 Nxd5 16. Qxd5 Bg6 17. Nxe4 Bxe4 18. Bxe4 Bf8 19. Qxh5 Rxe4 20. Rad1 Qe8 21. Rd5 Ne7 22. Rg5 Ng6 23. Rd1 Rd8 24. Rxd8 Qxd8 25. Rd5 Qe8 26. Rg5 Re6 27. g4 Qd7 28. Rd5 Rd6 29. Rxd6 cxd6 30. f3 Qe6 31. Kf2 Ne5 32. Kg3 Nd7 33. Bd4 Nf6 34. Qg5 Be7 35. Qf4 d5 36. Qb8+ Kh7 37. Kh3 Bd6 38. Qxb7 Nxg4 39. fxg4 Qe4 0-1


[Site "https://www.chess.com"]

[Event "Titled Tuesday Blitz July 11 Early 2023"]
[White "Kiseleva, Arina"]
[Black "Adla, Diego"]
[WhiteFideId "4164989"]
[BlackFideId "100072"]
[WhiteElo "2160"]
[BlackElo "2506"]
[Result "1-0"]
[Round "5"]
[TimeControl "180+2"]
[Date "2023.07.11"]
[WhiteClock "0:01:03"]
[BlackClock "0:01:09"]
[Board "193"]

1. d4 Nf6 2. Nf3 e6 3. e3 b6 4. Bd3 Bb7 5. Nbd2 c5 6. O-O Be7 7. b3 O-O 8. Bb2 d6 9. Rc1 Nbd7 10. c4 Rc8 11. h3 d5 12. Ne5 Ne4 13. Ndf3 f6 14. Nxd7 Qxd7 15. dxc5 Bxc5 16. Bxe4 Rfd8 17. cxd5 exd5 18. Bb1 Ba6 19. Bd3 Bxd3 20. Qxd3 Be7 21. Rxc8 Rxc8 22. Rd1 Rd8 23. e4 d4 24. Qc4+ Kh8 25. Rxd4 Qc8 26. Qxc8 Rxc8 27. Rd7 Bb4 28. Rxa7 h6 29. e5 fxe5 30. Bxe5 Rc1+ 31. Kh2 Rc2 32. Rxg7 Rxf2 33. Nh4 Be1 34. Ng6# 1-0


[Site "https://www.chess.com"]

[Event "Titled Tuesday Blitz July 11 Early 2023"]
[White "Dargan, Paul A G"]
[Black "MateoReyes"]
[WhiteFideId "416762"]
[WhiteElo "2153"]
[BlackElo "2473"]
[Result "1/2-1/2"]
[Round "5"]
[TimeControl "180+2"]
[Date "2023.07.11"]
[WhiteClock "0:00:14"]
[BlackClock "0:01:11"]
[Board "194"]

1. e4 c5 2. c3 d5 3. exd5 Qxd5 4. d4 Nf6 5. Nf3 Nc6 6. Be3 cxd4 7. cxd4 e6 8. Nc3 Qd8 9. Bd3 Be7 10. O-O O-O 11. Qe2 b6 12. Rad1 Bb7 13. Ne5 Nb4 14. Bb1 Nbd5 15. Bg5 Nxc3 16. bxc3 Rc8 17. Rd3 Be4 18. Bxf6 Bxd3 19. Qxd3 g6 20. Bxe7 Qxe7 21. Re1 Qa3 22. c4 Qxd3 23. Bxd3 Rfd8 24. Nf3 Kg7 25. g3 Rc7 26. h4 a6 27. a4 Rc6 28. Kg2 Rcd6 29. Bf1 f6 30. Rb1 h6 31. c5 bxc5 32. dxc5 Rc6 33. Rb6 Rxc5 34. Rxa6 e5 35. Ra7+ Kf8 36. a5 Rd1 37. a6 Ra1 38. Rb7 Rca5 39. Nd2 R5a2 40. Ne4 f5 41. Nf6 Rc1 42. a7 Rca1 43. Bc4 Rxa7 44. Nh7+ Ke8 45. Nf6+ Kf8 46. Nh7+ Ke8 47. Nf6+ Kf8 1/2-1/2


[Site "https://www.chess.com"]

[Event "Titled Tuesday Blitz July 11 Early 2023"]
[White "Cardenas Carbajal, Nilson"]
[Black "Glavina, Pablo"]
[WhiteFideId "8401128"]
[BlackFideId "100234"]
[WhiteElo "2128"]
[BlackElo "2381"]
[Result "0-1"]
[Round "5"]
[TimeControl "180+2"]
[Date "2023.07.11"]
[WhiteClock "0:00:04"]
[BlackClock "0:01:11"]
[Board "195"]

1. e4 e5 2. Nf3 Nc6 3. d4 exd4 4. Bc4 Nf6 5. O-O Bc5 6. e5 d5 7. Bb5 Ne4 8. Nxd4 O-O 9. Bxc6 bxc6 10. Be3 Bxd4 11. Bxd4 c5 12. Be3 Bb7 13. c3 Qe7 14. f3 Ng5 15. f4 Ne6 16. Nd2 d4 17. cxd4 cxd4 18. Bf2 Nxf4 19. Bxd4 Ne6 20. Bc3 Qc5+ 21. Kh1 Qd5 22. Qe2 Rad8 23. Nf3 Nf4 24. Qf2 Nd3 25. Qg3 Qe6 26. Nh4 Rd5 27. Nf5 Qg6 28. Ne7+ Kh8 29. Nxg6+ hxg6 30. Qh3+ Kg8 31. Qg3 Nc5 32. Rad1 Rxd1 33. Rxd1 Ne4 34. Qg4 Nf2+ 35. Kg1 Nxg4 36. Rd7 Rc8 37. Rxc7 Rxc7 0-1


[Site "https://www.chess.com"]

[Event "Titled Tuesday Blitz July 11 Early 2023"]
[White "Blokhin, Sofia"]
[Black "Ho, In Hei Henry"]
[WhiteFideId "4508190"]
[BlackFideId "6002552"]
[WhiteElo "2298"]
[BlackElo "2133"]
[Result "0-1"]
[Round "5"]
[TimeControl "180+2"]
[Date "2023.07.11"]
[WhiteClock "0:00:47"]
[BlackClock "0:00:15"]
[Board "196"]

1. e4 e6 2. d4 d5 3. e5 c5 4. c3 Qb6 5. Nf3 Nc6 6. a3 c4 7. Be2 Na5 8. Nbd2 Bd7 9. O-O Ne7 10. h3 h6 11. Nh4 g5 12. Nhf3 Rg8 13. Nh2 Ng6 14. Ng4 O-O-O 15. Nf6 Rg7 16. Nxd7 Rxd7 17. Bh5 Nf4 18. Be2 Qd8 19. b3 f6 20. bxc4 fxe5 21. cxd5 exd4 22. cxd4 Rxd5 23. Nf3 Bd6 24. Be3 g4 25. hxg4 Rxg4 26. g3 Qg8 27. Kh2 Rh5+ 28. Nh4 Rhxh4+ 29. gxh4 Nxe2+ 30. Kh3 Rg3+ 31. Kh2 Rg1+ 32. Kh3 Qg4# 0-1


[Site "https://www.chess.com"]

[Event "Titled Tuesday Blitz July 11 Early 2023"]
[White "UgarteCesar"]
[Black "Vila Dupla, Aurelio"]
[BlackFideId "2203383"]
[WhiteElo "2249"]
[BlackElo "2125"]
[Result "0-1"]
[Round "5"]
[TimeControl "180+2"]
[Date "2023.07.11"]
[WhiteClock "0:00:36"]
[BlackClock "0:00:02"]
[Board "197"]

1. d4 Nf6 2. Bf4 g6 3. e3 Bg7 4. h3 O-O 5. Nf3 d5 6. Be2 c5 7. c3 b6 8. O-O Bb7 9. Nbd2 Nc6 10. a4 a6 11. Qb3 Ra7 12. dxc5 bxc5 13. Qa3 c4 14. Rfd1 Nd7 15. Bg3 Re8 16. e4 e6 17. Bf1 Bf8 18. Qa2 Qc8 19. exd5 exd5 20. b3 cxb3 21. Nxb3 Bg7 22. Nbd4 Nde5 23. Rac1 Nxf3+ 24. Nxf3 Ne5 25. Nxe5 Bxe5 26. Bxe5 Rxe5 27. c4 Qd7 28. Qb2 Re8 29. cxd5 Qd6 30. Qd4 Raa8 31. Qc5 Rad8 32. Qxd6 Rxd6 33. Bc4 Red8 34. Rc2 Rc8 35. Rb2 Rxc4 36. Rxb7 Rxa4 37. Rc7 Ra5 38. Rc6 Raxd5 39. Rxd5 Rxc6 40. Rd8+ Kg7 41. Ra8 Kf6 42. f4 Kf5 43. g3 h5 44. Kg2 f6 45. Kf3 Rb6 46. Ra7 Rb3+ 47. Kf2 Ra3 48. Ra8 a5 49. Ra6 Ra2+ 50. Kf3 Ra3+ 51. Kf2 g5 52. fxg5 fxg5 53. Kg2 h4 54. g4+ Ke5 55. Ra8 Ra2+ 56. Kf3 Ra3+ 57. Kg2 Rg3+ 58. Kh2 Ra3 59. Rf8 Ra2+ 60. Kg1 Ke4 61. Rf5 a4 62. Rxg5 Kf3 63. Rf5+ Kg3 64. Kf1 Kxh3 65. g5 Kg4 66. Ra5 Ra1+ 67. Kf2 Ra2+ 68. Ke3 Kh5 69. g6+ Kxg6 70. Ra6+ Kh5 71. Ra5+ Kg6 72. Kf4 Kf6 73. Ra6+ Ke7 74. Ra7+ Kd8 75. Ra8+ Kc7 76. Kg4 Kb6 77. Kxh4 Kb5 78. Rb8+ Kc4 79. Rc8+ Kb3 80. Rb8+ Ka3 81. Kg4 Re2 82. Kf4 Ka2 83. Kf3 Re6 84. Ra8 a3 85. Kf4 Kb2 86. Kf5 Re2 87. Kf4 Ka2 88. Kf3 Re6 89. Kf2 Kb2 90. Rb8+ Ka1 91. Kf3 a2 92. Kf2 Re7 93. Rb3 Rc7 94. Rb4 Rc1 95. Ke2 Rb1 96. Ra4 Kb2 97. Kd2 a1=Q 98. Rb4+ Ka3 0-1


[Site "https://www.chess.com"]

[Event "Titled Tuesday Blitz July 11 Early 2023"]
[White "Roque Sola, Jose Luis"]
[Black "Sala, Giulia"]
[WhiteFideId "5120390"]
[BlackFideId "2840451"]
[WhiteElo "2117"]
[BlackElo "2244"]
[Result "1-0"]
[Round "5"]
[TimeControl "180+2"]
[Date "2023.07.11"]
[WhiteClock "0:00:16"]
[BlackClock "0:00:55"]
[Board "198"]

1. c4 c5 2. Nc3 b6 3. Nf3 Bb7 4. e4 Nc6 5. d4 cxd4 6. Nxd4 Nxd4 7. Qxd4 Qc7 8. Bd3 d6 9. O-O Nf6 10. Nd5 Bxd5 11. cxd5 g6 12. Be3 Bg7 13. Qa4+ Nd7 14. Rac1 Qd8 15. Bb5 e6 16. dxe6 fxe6 17. Rc2 Ke7 18. Rfc1 Nc5 19. Qa3 Rf8 20. b4 Nxe4 21. Rc7+ Kf6 22. Bd4+ e5 23. Qf3+ Kg5 24. Be3+ Kh4 25. Qxe4+ Kh5 26. Rxg7 Qf6 27. Rxh7# 1-0


[Site "https://www.chess.com"]

[Event "Titled Tuesday Blitz July 11 Early 2023"]
[White "Johnson, Ben"]
[Black "Kuchava, Ana"]
[WhiteFideId "2010917"]
[BlackFideId "13605348"]
[WhiteElo "2094"]
[BlackElo "2243"]
[Result "1-0"]
[Round "5"]
[TimeControl "180+2"]
[Date "2023.07.11"]
[WhiteClock "0:00:33"]
[BlackClock "0:00:00"]
[Board "199"]

1. Nf3 d5 2. e3 Nf6 3. c4 e6 4. b3 Be7 5. Bb2 O-O 6. Nc3 c5 7. cxd5 exd5 8. d4 b6 9. Bd3 Bg4 10. dxc5 bxc5 11. h3 Bh5 12. O-O Nc6 13. Rc1 Rc8 14. Ne2 Bxf3 15. gxf3 Qd7 16. Kg2 d4 17. Ng3 dxe3 18. Bxf6 Rcd8 19. Bxe7 Nxe7 20. Be4 Qe6 21. Qc2 f5 22. Bb7 Rf6 23. Qc4 Qxc4 24. bxc4 f4 25. Ne4 Rg6+ 26. Kh2 Nf5 27. Bd5+ Kh8 28. Rg1 Rh6 29. Rg5 Nd4 30. Nxc5 Nxf3+ 31. Bxf3 exf2 32. Bd5 1-0


[Site "https://www.chess.com"]

[Event "Titled Tuesday Blitz July 11 Early 2023"]
[White "Kopacz, Grzegorz"]
[Black "Floresvillar Gonzalez, Luis Migu"]
[WhiteFideId "1109880"]
[BlackFideId "5100542"]
[WhiteElo "2224"]
[BlackElo "2090"]
[Result "0-1"]
[Round "5"]
[TimeControl "180+2"]
[Date "2023.07.11"]
[WhiteClock "0:00:06"]
[BlackClock "0:00:05"]
[Board "200"]

1. d4 d5 2. c4 c6 3. cxd5 cxd5 4. Bg5 Qb6 5. Nc3 h6 6. Bh4 g5 7. Bg3 Nf6 8. e3 a6 9. Qc2 Bg4 10. h3 Bh5 11. Bd3 Nc6 12. a3 Bg7 13. Na4 Qd8 14. Nc5 Qc8 15. Ne2 O-O 16. O-O Nd7 17. Rfc1 Nxc5 18. Qxc5 Qd7 19. h4 Rac8 20. Qb6 Bf6 21. hxg5 hxg5 22. Nc3 Kg7 23. Qb3 e6 24. Be2 Rh8 25. f3 Bg6 26. Kf2 b5 27. a4 b4 28. Na2 a5 29. Rc5 Ra8 30. Rac1 Nxd4 31. exd4 Bxd4+ 32. Ke1 Bxc5 33. Rxc5 Rh1+ 34. Bf1 Rc8 35. Be5+ f6 36. Bd4 Rxc5 37. Bxc5 Qc6 38. Qc2 Bxc2 39. Bf2 b3 40. Nc3 Rxf1+ 41. Kxf1 d4 42. Kg1 dxc3 43. bxc3 Qxc3 44. Kh2 b2 45. Bg3 b1=Q 46. Be5 Qbe1 47. Bxc3 Qxc3 48. f4 Bxa4 49. fxg5 fxg5 50. g4 Qe5+ 51. Kh3 Qf4 52. Kg2 Qxg4+ 53. Kh2 Qf4+ 54. Kh3 g4+ 55. Kh4 g3+ 56. Kh3 Qf3 57. Kh4 g2 58. Kg5 g1=Q+ 59. Kh4 Qfh1# 0-1


[Site "https://www.chess.com"]

[Event "Titled Tuesday Blitz July 11 Early 2023"]
[White "Schachpanda_Youtube"]
[Black "Blackwhite017"]
[WhiteElo "2191"]
[BlackElo "2013"]
[Result "1-0"]
[Round "5"]
[TimeControl "180+2"]
[Date "2023.07.11"]
[WhiteClock "0:00:50"]
[BlackClock "0:01:27"]
[Board "201"]

1. e4 c5 2. d4 cxd4 3. c3 d3 4. Bxd3 g6 5. c4 Bg7 6. Nc3 Nf6 7. Nf3 O-O 8. O-O d6 9. h3 Nc6 10. Be3 Bd7 11. Rc1 a5 12. Qe2 a4 13. Rfd1 Qa5 14. Bb1 Rfc8 15. Nd5 Nxd5 16. cxd5 Nb4 17. Bd4 Bxd4 18. Nxd4 Rc5 19. a3 Na6 20. b4 axb3 21. Nxb3 Qxa3 22. Nxc5 Nxc5 23. e5 Ra4 24. exd6 exd6 25. Qe7 Ra6 26. Rxc5 Qxc5 27. Qxd7 Rb6 28. Re1 Rb2 29. Qe8+ Kg7 30. Qe3 Qxd5 31. Qc3+ 1-0


[Site "https://www.chess.com"]

[Event "Titled Tuesday Blitz July 11 Early 2023"]
[White "abelmat"]
[Black "Mishra, Manoj"]
[BlackFideId "5006007"]
[WhiteElo "1950"]
[BlackElo "2168"]
[Result "0-1"]
[Round "5"]
[TimeControl "180+2"]
[Date "2023.07.11"]
[WhiteClock "0:00:12"]
[BlackClock "0:00:11"]
[Board "202"]

1. d4 Nf6 2. c4 g6 3. Nc3 Bg7 4. e4 d6 5. f3 O-O 6. Be3 e5 7. Nge2 Nc6 8. d5 Ne7 9. Qd2 Nd7 10. g4 f5 11. gxf5 gxf5 12. O-O-O f4 13. Bf2 Kh8 14. h4 h5 15. Bh3 a5 16. Rhg1 Nc5 17. Bxc8 Qxc8 18. Bxc5 dxc5 19. Nb5 c6 20. d6 Ng8 21. Nc7 Rb8 22. Rg5 Nf6 23. Rdg1 Rf7 24. Rxe5 b5 25. Qxf4 bxc4 26. Rxg7 Kxg7 27. Qg5+ Kf8 28. Ne6+ Ke8 29. Nxc5+ Kf8 30. Ne6+ Qxe6 31. Rxe6 Ng8 32. d7 Rxf3 33. Re8+ Rxe8 34. dxe8=Q+ Kxe8 35. Qxh5+ Ke7 36. Qxf3 Nf6 37. Nd4 Nd7 38. Qf5 Kd6 39. Qf6+ Nxf6 40. Nxc6 Kxc6 41. e5 Nh5 42. Kc2 Kd5 43. Kc3 Nf4 44. a3 a4 45. b3 axb3 46. a4 Kxe5 47. a5 Nd5+ 48. Kb2 Kd6 49. h5 Kc5 50. h6 Nf6 51. Kc3 Kb5 52. a6 Kxa6 53. h7 Nxh7 54. Kb2 Kb5 55. Ka1 Nf6 56. Kb2 Nd7 57. Ka1 Kb4 58. Kb2 c3+ 59. Ka1 Nc5 60. Kb1 Nd3 61. Ka1 Kc4 62. Kb1 c2+ 63. Ka1 c1=Q# 0-1


[Site "https://www.chess.com"]

[Event "Titled Tuesday Blitz July 11 Early 2023"]
[White "Nakamura, Hikaru"]
[Black "He, Anthony"]
[WhiteFideId "2016192"]
[BlackFideId "2088215"]
[WhiteElo "3230"]
[BlackElo "3002"]
[Result "1-0"]
[Round "6"]
[TimeControl "180+2"]
[Date "2023.07.11"]
[WhiteClock "0:00:19"]
[BlackClock "0:00:00"]
[Board "1"]

1. a3 e5 2. c4 Nf6 3. d3 c6 4. Nf3 d6 5. Nc3 Be7 6. g3 O-O 7. Bg2 Nbd7 8. b4 Re8 9. O-O Nf8 10. b5 Ng6 11. Bg5 h6 12. Bxf6 Bxf6 13. Nd2 Bd7 14. Rb1 Qc8 15. Qb3 Bh3 16. Nde4 Be7 17. bxc6 bxc6 18. Qb7 Bxg2 19. Qxc8 Rexc8 20. Kxg2 Rab8 21. e3 Nf8 22. f4 Nd7 23. Kf3 f5 24. Nd2 Bf6 25. Na4 Kf7 26. Ke2 Ke6 27. h3 g6 28. fxe5 Bxe5 29. g4 Rxb1 30. Rxb1 Rb8 31. gxf5+ gxf5 32. Rg1 Kf7 33. d4 Bf6 34. Kd3 Re8 35. Rf1 Kg6 36. Nc3 Bg5 37. Rf3 Nf6 38. e4 f4 39. Rf1 Nh5 40. Nf3 Ng3 41. Rb1 Re7 42. Rb8 Nh1 43. Nd1 Ng3 44. Nf2 Bf6 45. Rd8 Rxe4 46. Rg8+ Kf7 47. Nxe4 Nxe4 48. Ra8 Nf2+ 49. Ke2 Nxh3 50. Rxa7+ Ke6 51. a4 Ng5 52. a5 Kf5 53. a6 Ke4 54. Nd2+ Kxd4 55. Rb7 1-0


[Site "https://www.chess.com"]

[Event "Titled Tuesday Blitz July 11 Early 2023"]
[White "Bok, Benjamin"]
[Black "Erigaisi Arjun"]
[WhiteFideId "1017063"]
[BlackFideId "35009192"]
[WhiteElo "2965"]
[BlackElo "3120"]
[Result "1-0"]
[Round "6"]
[TimeControl "180+2"]
[Date "2023.07.11"]
[WhiteClock "0:00:03"]
[BlackClock "0:00:10"]
[Board "2"]

1. d4 g6 2. c4 Bg7 3. Nf3 b6 4. e4 Bb7 5. Nc3 d6 6. Be2 e6 7. O-O Ne7 8. Be3 h6 9. Qc2 Nd7 10. Rfd1 g5 11. Rac1 g4 12. Nd2 Nc6 13. Nf1 Qh4 14. Nb5 Rc8 15. d5 Nce5 16. Nxa7 Ra8 17. Nb5 Rxa2 18. Bd4 Ke7 19. Nxc7 Rg8 20. Qb3 Ra5 21. dxe6 fxe6 22. c5 d5 23. exd5 Nf3+ 24. Bxf3 gxf3 25. d6+ Kd8 26. Nxe6+ Kc8 27. cxb6+ Kb8 28. Nxg7 Rf8 29. Qc3 Qg5 30. Ng3 fxg2 31. Qc7+ Ka8 32. Ra1 Nb8 33. b4 Ra6 34. b5 Qxb5 35. Ne6 Re8 36. d7 Rxe6 37. Qxb8+ Kxb8 38. d8=Q+ Bc8 39. Qc7+ Ka8 40. Qxc8# 1-0


[Site "https://www.chess.com"]

[Event "Titled Tuesday Blitz July 11 Early 2023"]
[White "Firouzja, Alireza"]
[Black "Vakhlamov, Igor L."]
[WhiteFideId "12573981"]
[BlackFideId "24126748"]
[WhiteElo "3097"]
[BlackElo "2820"]
[Result "1-0"]
[Round "6"]
[TimeControl "180+2"]
[Date "2023.07.11"]
[WhiteClock "0:00:39"]
[BlackClock "0:00:04"]
[Board "3"]

1. d4 d5 2. Bg5 c5 3. e3 cxd4 4. exd4 Nc6 5. c3 h6 6. Bh4 Bf5 7. Qb3 Qd7 8. Nf3 f6 9. Be2 e6 10. O-O Bd6 11. Bg3 Nge7 12. Nbd2 O-O 13. Rfe1 a6 14. a4 Rab8 15. a5 Kh8 16. Bf1 Rfe8 17. Bxd6 Qxd6 18. Qa3 Qxa3 19. Rxa3 Kg8 20. Nb3 Kf7 21. Nc5 Nc8 22. Rea1 Nd6 23. Rb3 Re7 24. Rb6 Rc8 25. Nd2 Rcc7 26. Be2 Bc2 27. Nf1 Nc8 28. Ne3 Bg6 29. Rb3 Nd6 30. h4 Ne4 31. h5 Bh7 32. Nxe4 Bxe4 33. Rb6 Na7 34. Nf1 Nc8 35. Rb4 Nd6 36. Nd2 Bc2 37. Rc1 Bh7 38. Bf3 Rc6 39. Nb3 Nc4 40. Be2 Nxb2 41. Nc5 Nc4 42. Bxc4 dxc4 43. Nxb7 Rc8 44. Nd6+ 1-0


[Site "https://www.chess.com"]

[Event "Titled Tuesday Blitz July 11 Early 2023"]
[White "Bachmann, Axel"]
[Black "Dubov, Daniil"]
[WhiteFideId "3700488"]
[BlackFideId "24126055"]
[WhiteElo "2807"]
[BlackElo "3087"]
[Result "0-1"]
[Round "6"]
[TimeControl "180+2"]
[Date "2023.07.11"]
[WhiteClock "0:00:05"]
[BlackClock "0:00:55"]
[Board "4"]

1. e4 e5 2. Bc4 Nf6 3. d3 Nc6 4. Nc3 Bb4 5. Ne2 Na5 6. O-O Nxc4 7. dxc4 d6 8. Bg5 Be6 9. Nd5 Bxd5 10. Bxf6 Qxf6 11. Qxd5 c6 12. Qd3 Bc5 13. Rad1 O-O 14. c3 a5 15. b3 Qe6 16. Qc2 Rad8 17. Kh1 d5 18. cxd5 cxd5 19. exd5 Rxd5 20. Rxd5 Qxd5 21. Rd1 Qe6 22. Ng3 f5 23. Qe2 e4 24. c4 g6 25. Rd5 b6 26. Kg1 h5 27. Qd1 f4 28. Ne2 f3 29. gxf3 exf3 30. Ng3 h4 0-1


[Site "https://www.chess.com"]